 Dungeon Crawl Stone Soup version 0.28-b1-25-g9875b3fc8c (webtiles) character file.

Game seed: 4584910556711231457

28 Jesperoc the Skirmisher (level 3, -1/29 HPs)
             Began as a Demonspawn Fighter on Feb 2, 2022.
             Splashed by a jelly's acid (5 damage)
             ... on level 3 of the Dungeon.
             The game lasted 00:08:52 (1408 turns).

Jesperoc the Skirmisher (Demonspawn Fighter)        Turns: 1408, Time: 00:08:54

Health: -1/29      AC:  5    Str: 18    XL:     3   Next: 0%
Magic:  3/3        EV:  9    Int:  9    God:
Gold:   40         SH:  4    Dex: 12    Spells: 2/2 levels left

rFire   . . .      SeeInvis .   a - +0 long sword
rCold   . . .      Faith    .   c - +0 buckler
rNeg    . . .      Spirit   .   b - +0 scale mail
rPois   .          Reflect  .   k - +0 helmet
rElec   .          Harm     .   (no cloak)
rCorr   +          Rampage  .   (no gloves)
Will    .....                   (no boots)
Stlth   ..........              (no amulet)
HPRegen 0.09/turn               i - ring of resist corrosion
MPRegen 0.08/turn               (no ring)

@: corroded
A: yellow scales 1
a: no special abilities


You were on level 3 of the Dungeon.
You visited 1 branch of the dungeon, and saw 4 of its levels.

You collected 40 gold pieces.

Inventory:

Hand Weapons
 a - a +0 long sword (weapon)
 l - a +1 vampiric rapier
Missiles
 h - 32 stones (quivered)
Armour
 b - a +0 scale mail (worn)
 c - a +0 buckler (worn)
 k - a +0 helmet (worn)
Jewellery
 i - a ring of resist corrosion (left hand)
Scrolls
 g - a scroll of identify {unknown}
 j - a scroll of silence {unknown}
Potions
 d - a potion of might
 e - a potion of degeneration {unknown}
 f - a potion of magic {unknown}


   Skills:
 - Level 3.0 Fighting
 * Level 2.4 Long Blades
 + Level 3.0 Armour
 + Level 2.9 Shields
 + Level 0.8 Unarmed Combat


You had 2 spell levels left.
You didn't know any spells.
Your spell library contained the following spells:

 Spells                   Type           Power      Damage    Failure   Level
 Call Canine Familiar     Summ           0%         N/A       99%         3
 Portal Projectile        Hex/Tloc       0%         N/A       99%         3
 Leda's Liquefaction      Hex/Erth       0%         N/A       100%        4


Dungeon Overview and Level Annotations

Branches:
Dungeon (4/15)
 Temple: D:4-7

Altars:


Innate Abilities, Weirdness & Mutations

You are partially covered in yellow scales. (AC +2)


Message History

There is a stone staircase leading up here.
You climb upwards.
The endoplasm quivers.
The jelly quivers.
Found a quarterstaff.
There is a stone staircase leading down here.
You hit the jelly.
Your hands burn!
The jelly is moderately wounded.
The jelly barely misses you.
You hit the jelly. The acid corrodes you!
Your hands burn!
The jelly is moderately wounded.
The endoplasm hits you but does no damage.
The jelly barely misses you.
You barely miss the jelly.
The jelly is moderately wounded.
You block the endoplasm's attack. The jelly hits you.
You are splashed with acid.
You resist. The jelly hits you but does no damage. The endoplasm freezes you.
You are frozen.
The endoplasm freezes you.
You are frozen.
* * * LOW HITPOINT WARNING * * *
The endoplasm closely misses you.
You open the door. The endoplasm barely misses you. The jelly misses you.
The jelly hits you but does no damage.
There is an open door here.
You hit the endoplasm but do no damage. You block the endoplasm's attack.
You slash the endoplasm!
You kill the endoplasm!
You have reached level 3!
Your experience leads to an increase in your attributes!
Increase (S)trength, (I)ntelligence, or (D)exterity?
Uppercase letters only, please.
You feel stronger. x2
You hit the jelly.
Your hands burn!
* * * LOW HITPOINT WARNING * * *
The jelly is heavily wounded.
The jelly hits you.
* * * LOW HITPOINT WARNING * * *
You are splashed with acid.
You resist.
You die...

# #. ##.###
#...@#
.....##J##
#+## ..#
#⌠.⌠## #⌠.⌠#
##...###...#
##)......#
##..>..##
##⌠.⌠##
#####


You could see a jelly.

Vanquished Creatures
  2 endoplasms
  2 goblins (D:1)
  5 hobgoblins
  5 jackals
  2 quokkas
  2 ball pythons (D:1)
  A bat (D:1)
  A kobold (D:1)
  4 rats
24 creatures vanquished.

Notes
Turn   | Place    | Note
-------+----------+-------------------------------------------
     0 | D:1      | Jesperoc the Demonspawn Fighter began the quest for the
                  | Orb.
     0 | D:1      | Reached XP level 1. HP: 18/18 MP: 1/1
   524 | D:1      | Gained mutation: You are partially covered in yellow
                  | scales. (AC +2) [demonic ancestry]
   524 | D:1      | Reached XP level 2. HP: 15/24 MP: 2/2
  1313 | D:2      | Found a faded altar of an unknown god.
  1388 | D:2      | You fall into a shaft and drop 2 floors!
  1408 | D:3      | Reached XP level 3. HP: 8/29 MP: 3/3
  1408 | D:3      | Splashed by a jelly's acid

Illustrated notes

Levels and vault maps discovered:
D:1:      psy_arrival_basics, layout_loops_cross, minmay_split_cup_small
D:2:      layout_basic, hellmonk_ecumenical_altar_dog_temple,
          chequers_serial_rivers_micro_e, minmay_lizard_pond
D:3:      layout_basic, demons_altar, serial_shops, nicolae_shop_statue_plus,
          shop_fountains, nicolae_shop_statue_plus, grunt_ministairs_8,
          minmay_divided_ellipse
D:4:      layout_basic, portal_sewer_entry_e, grunt_ministairs_5,
          roderic_serpentine_path, uniq_sigmund, uniq_pikel

Skill      XL: |  1  2 |
---------------+-------+-----
Long Blades    | 2 |  2.4
Armour         | 3 |  3.0
Fighting       | |  3.0
Shields        | |  2.9
Unarmed Combat | |  0.8

Action                   || total
-------------------------++-------
Melee: Long sword        ||    79
Armor: Scale mail        ||    30
Dodge: Dodged            ||    34
Block: Buckler           ||    19
